 Dungeon Crawl Stone Soup version 0.31-a0-654-gbe3e110b4e (webtiles) character file.

Game seed: 294973697180959889

249 javelincjr the Firebug (level 5, -1/36 HPs)
             Began as a Demonspawn Fire Elementalist on Aug 29, 2023.
             Slain by Pikel
             ... wielding a +0 whip of freezing
              (2 damage)
             ... on level 3 of the Dungeon.
             The game lasted 00:17:56 (3641 turns).

javelincjr the Firebug (DsFE)                       Turns: 3641, Time: 00:17:57

Health: -1/36      AC:  5    Str:  8    XL:     5   Next: 86%
Magic:  9/9        EV: 12    Int: 18    God:
Gold:   169        SH:  0    Dex: 14    Spells: 6/9 levels left

rFire   + . .        p - +3 falchion
rCold   . . .        (no shield)
rNeg    . . .        a - +0 robe
rPois   +            e - +1 helmet
rElec   .            j - +0 cloak
rCorr   .            (no gloves)
SInv    .            (no boots)
Will    .....        (no amulet)
Stlth   ++           i - ring of protection from fire
HPRegen 0.26/turn    k - ring of poison resistance
MPRegen 0.11/turn

%: no passive effects
@: no status effects
A: foul stench 1, demonic touch 1
a: no special abilities


You were on level 3 of the Dungeon.
You visited 1 branch of the dungeon, and saw 4 of its levels.

You collected 169 gold pieces.

Inventory:

Hand Weapons
 c - a +0 quarterstaff
 h - a +0 spear
 p - a +3 falchion (weapon)
Armour
 a - a +0 robe (worn)
 e - a +1 helmet (worn)
 j - a +0 cloak (worn)
Jewellery
 i - a ring of protection from fire (left hand)
 k - a ring of poison resistance (right hand)
Talismans
 m - a talisman of death
 t - a blade talisman
Wands
 q - a wand of polymorph (4)
 r - a wand of mindburst (6)
Scrolls
 f - 2 scrolls of teleportation {unknown}
 n - a scroll of revelation {unknown}
 o - a scroll of poison {unknown}
 u - a scroll of fear {unknown}
 v - a scroll of identify {unknown}
 w - a scroll of immolation {unknown}
Potions
 b - a potion of magic
 d - a potion of mutation {unknown}
 g - 2 potions of haste {unknown}
 l - a potion of lignification {unknown}
 s - a potion of curing {unknown}


   Skills:
 + Level 0.7 Fighting
 + Level 2.8 Dodging
 + Level 3.0 Stealth
 + Level 0.5 Unarmed Combat
 + Level 2.9 Spellcasting
 + Level 2.6 Conjurations
 + Level 3.5 Fire Magic


You had 6 spell levels left.
You knew the following spells:

 Your Spells              Type           Power      Damage    Failure   Level
a - Foxfire               Conj/Fire      52%        2x1d6     4%          1
b - Scorch                Fire           30%        2d6       6%          2

Your spell library contained the following spells:

 Spells                   Type           Power      Damage    Failure   Level
 Magic Dart               Conj           48%        1d5       5%          1
 Freeze                   Ice            8%         1d3       17%         1
 Inner Flame              Hex/Fire       9%         N/A       24%         3
 Volatile Blastmotes      Fire/Tloc      18%        2d11      24%         3
 Call Imp                 Summ           4%         N/A       26%         2
 Dazzling Flash           Conj/Hex       14%        N/A       28%         3
 Hailstorm                Conj/Ice       7%         3d4       28%         3
 Mephitic Cloud           Conj/Pois/Air  5%         N/A       34%         3
 Flame Wave               Conj/Fire      13%        2d6       41%         4
 Frozen Ramparts          Ice            4%         1d1       45%         3
 Vhi's Electric Charge    Tloc/Air       4%         N/A       86%         4
 Conjure Ball Lightning   Conj/Air       3%         3x3d6     100%        6


Dungeon Overview and Level Annotations

Branches:
Dungeon (4/15)
 Temple: D:4-7

Altars:
Makhleb
Nemelex Xobeh
Okawaru
Ru

Annotations:
D:3 Pikel


Innate Abilities, Weirdness & Mutations

You may rarely emit foul miasma when damaged in melee.
Your touch may inflict minor irresistible damage on your foes.


Message History

Pikel hits you with a +0 whip of freezing!
Pikel freezes you.
You emit a cloud of foul miasma!
The endoplasm hits you but does no damage.
The hound bites you.
You emit a cloud of foul miasma!
The hound is engulfed in dark miasma.
The hound is poisoned.
Pikel is engulfed in dark miasma.
Pikel is poisoned.
Pikel hits you with a +0 whip of freezing.
Pikel freezes you. The hound attacks as it pursues you! The hound misses you.
Pikel is engulfed in dark miasma.
Pikel looks even sicker.
Pikel seems to slow down.
The hound closely misses you.
Pikel is no longer moving slowly.
You hit the hound.
You touch the hound!
You kill the hound!
Pikel is engulfed in dark miasma.
Pikel looks even sicker.
Pikel seems to slow down.
You hit the endoplasm.
You kill the endoplasm!
Pikel is no longer moving slowly.
You closely miss Pikel.
Pikel is heavily wounded.
Pikel hits you with a +0 whip of freezing.
Pikel freezes you.
* * * LOW HITPOINT WARNING * * *
You hit Pikel.
Pikel is severely wounded.
Pikel hits you with a +0 whip of freezing.
* * * LOW HITPOINT WARNING * * *
Pikel freezes you.
* * * LOW HITPOINT WARNING * * *
You barely miss Pikel.
Pikel is severely wounded.
Pikel barely misses you.
You hit Pikel.
Pikel is almost dead.
Pikel hits you with a +0 whip of freezing.
* * * LOW HITPOINT WARNING * * *
Pikel freezes you.
You die...
Pikel says, "Another soul for the market."

.....# #.###########.##.# #..
...#.###.##....# #.##.# #..
...#.#.#.##....# #.##.# #..
...#.#....'....# #.#..#######..
...#.#.#.##....# #.#...........
...#.#.#.##....# #.#..#######..
.........##....# #.#..#######.#
.##########....#####.#...........
..............5K@....#...######.#
.######.....>.########...# #.. .#
#...###### #.##...######.. .#
#...# #.##........#.. (# #...#
#.##.#+####.#.. .# #...#
#.........#.#.. .# #...#
#.###.....#.#.. .### #...# #.#
#.....#.#.. ...####.## #.#
#.....#....


You could see Pikel (very poisoned) and a lemure.

Vanquished Creatures
  A lemure (D:3)
  A scorpion (D:4)
  A hound (D:3)
  A jelly (D:4)
  2 iguanas (D:4)
  An adder (D:3)
  2 dart slugs (D:3)
  3 orcs (D:3)
  7 endoplasms
  3 giant cockroaches
  3 hobgoblins (D:1)
  3 jackals (D:1)
  7 kobolds
  3 quokkas
  4 ball pythons
  7 bats
  3 frilled lizards
  9 goblins
  3 rats (D:1)
64 creatures vanquished.

Vanquished Creatures (others)
  164 foxfires
164 creatures vanquished.

Grand Total: 228 creatures vanquished

Notes
Turn   | Place    | Note
-------+----------+-------------------------------------------
     0 | D:1      | javelincjr the Demonspawn Fire Elementalist began the quest
                  | for the Orb.
     0 | D:1      | Reached XP level 1. HP: 13/13 MP: 3/3
   373 | D:1      | Gained mutation: You may rarely emit foul miasma when
                  | damaged in melee. [demonic ancestry]
   373 | D:1      | Reached XP level 2. HP: 19/19 MP: 0/5
   916 | D:1      | Reached XP level 3. HP: 24/24 MP: 0/6
  2442 | D:3      | Found an iron altar of Okawaru.
  2607 | D:3      | Found a burning altar of Makhleb.
  2708 | D:3      | Reached XP level 4. HP: 24/30 MP: 7/7
  2842 | D:3      | Found a sparkling altar of Nemelex Xobeh.
  2842 | D:3      | Found a sacrificial altar of Ru.
  2955 | D:3      | Learned a level 2 spell: Scorch
  2968 | D:3      | Got Piuqyluqee's Almanac of Bewitching Feathers
  3373 | D:4      | Noticed a scorpion
  3383 | D:4      | Killed a scorpion
  3463 | D:4      | Gained mutation: Your touch may inflict minor irresistible
                  | damage on your foes. [demonic ancestry]
  3463 | D:4      | Reached XP level 5. HP: 35/35 MP: 2/9
  3570 | D:4      | Noticed a lemure
  3571 | D:4      | Noticed a lemure
  3572 | D:4      | Noticed Pikel
  3573 | D:4      | Noticed a lemure
  3573 | D:4      | Noticed a lemure
  3594 | D:3      | Killed a lemure
  3641 | D:3      | HP: 1/36 [Pikel/+0 whip of freezing (4)]
  3641 | D:3      | Slain by Pikel

Illustrated notes

Levels and vault maps discovered:
D:1:      wheals_arrival_shading, layout_rooms
D:2:      layout_loops_corners
D:3:      layout_basic, tso_oasis_becter, lemuel_doored_altar, okawaru_trees_2,
          gammafunk_temple_overflow_wave
D:4:      layout_cave_pools, mainiacjoe_overflow_swirl, uniq_pikel

Skill      XL: |  1  2  3  4  5 |
---------------+----------------+-----
Stealth        | 2 3 |  3.0
Dodging        | 2 |  2.8
Fire Magic     | 3 |  3.5
Conjurations   | 2 |  2.6
Fighting       | |  0.7
Unarmed Combat | |  0.5
Spellcasting   | |  2.9

Action                     |  1- 3 |  4- 6 || total
---------------------------+-------+-------++-------
  Melee: Quarterstaff      |    17 |       ||    17
         Falchion          |    14 |    30 ||    44
         Touch             |       |     4 ||     4
   Cast: Foxfire           |    90 |    15 ||   105
   Stab: Sleeping          |     2 |     2 ||     4
 Armour: Robe              |     9 |     5 ||    14
  Dodge: Dodged            |    20 |    21 ||    41

Table legend: (Time is in decaauts)
 A = Elapsed time spent in this place.
 B = Non-inter-level travel time spent in this place.
 C = Inter-level travel time spent in this place.
 D = Time resting spent in this place.
 E = Time spent auto-exploring this place.
 F = Levels seen in this place.
 G = Mean time per level.
                   A        B        C        D        E       F      G
               +--------+--------+--------+--------+--------+-----+--------+
         Total |   3657 |   3546 |    111 |     33 |   3001 |   4 |  914.2 |
       Dungeon |   3657 |   3546 |    111 |     33 |   3001 |   4 |  914.2 |
               +--------+--------+--------+--------+--------+-----+--------+

Top non-repeatable levels by time:
     D:3: 1280 daAuts
     D:2: 1120 daAuts
     D:1: 1027 daAuts
     D:4: 229 daAuts
